 Dungeon Crawl Stone Soup version 0.30.1-5-ged363bc7ee (webtiles) character file.

Game seed: 10503580765468050965

111 diecastcamel the Poker (level 4, -7/34 HPs)
             Began as a Merfolk Gladiator on Sept 18, 2023.
             Mangled by an orc wizard
             ... wielding a +1 dagger of distortion
              (14 damage)
             ... on level 3 of the Dungeon on Sept 19, 2023.
             The game lasted 00:09:23 (1544 turns).

diecastcamel the Poker (Merfolk Gladiator)          Turns: 1544, Time: 00:09:24

Health: -7/34      AC:  6    Str: 16    XL:     4   Next: 92%
Magic:  4/4        EV:  8    Int:  7    God:
Gold:   93         SH:  4    Dex: 15    Spells: 3/3 levels left

rFire   . . .        a - +0 trident
rCold   . . .        m - +0 buckler
rNeg    . . .        f - +0 ring mail
rPois   +            c - +0 helmet
rElec   .            (no cloak)
rCorr   .            (no gloves)
SInv    .            (no boots)
Will    .....        (no amulet)
Stlth   +            q - ring of poison resistance
HPRegen 0.25/turn    (no ring)
MPRegen 0.09/turn

%: no passive effects
@: constricted
A: (nimble swimmer 2), mertail
a: no special abilities


You were on level 3 of the Dungeon.
You visited 1 branch of the dungeon, and saw 3 of its levels.

You collected 93 gold pieces.

Inventory:

Hand Weapons
 a - a +0 trident (weapon)
Missiles
 d - 4 throwing nets
 e - a javelin
 h - 12 stones
 l - 5 poisoned darts
 u - 5 curare-tipped darts
Armour
 c - a +0 helmet (worn)
 f - a +0 ring mail (worn)
 m - a +0 buckler (worn)
Jewellery
 q - a ring of poison resistance (left hand)
Wands
 k - a wand of flame (11) (quivered)
Scrolls
 b - 2 scrolls of identify {unknown}
 n - 3 scrolls of magic mapping {unknown}
 r - a scroll of fear {unknown}
 s - a scroll of acquirement {unknown}
 t - a scroll of silence {unknown}
Potions
 g - 2 potions of ambrosia {unknown}
 i - a potion of mutation {unknown}
 j - a potion of curing {unknown}
 o - 2 potions of degeneration {unknown}
 p - a potion of invisibility {unknown}


   Skills:
 + Level 2.7 Fighting
 * Level 6.6 Polearms
 - Level 2.0 Throwing
 - Level 4.0 Dodging
 + Level 1.2 Shields


You had 3 spell levels left.
You didn't know any spells.
Your spell library contained the following spells:

 Spells                   Type           Power      Damage    Failure   Level
 Kiss of Death            Conj/Necr      0%         2d5       77%         1
 Confusing Touch          Hex            0%         N/A       98%         3
 Dispel Undead            Necr           0%         3d6       100%        4


Dungeon Overview and Level Annotations

Branches:
Dungeon (3/15)

Altars:


Innate Abilities, Weirdness & Mutations

((You are very nimble when in or above water. (Stealth+, EV+, Speed+++)))
Your lower body shifts to a powerful aquatic tail in water.


Message History

You blink.
A ball python comes into view.
The ball python hisses angrily.
You barely miss the orc wizard.
The orc wizard is almost dead.
The orc wizard hits you with a +1 dagger of distortion.
Space warps around you.
You completely miss the orc wizard.
The orc wizard is almost dead.
The orc wizard points at you and mumbles some strange words.
You resist with some effort.
You closely miss the orc wizard.
The orc wizard is almost dead.
You block the orc wizard's attack.
You closely miss the orc wizard.
The orc wizard is almost dead.
The orc wizard gestures at you while chanting.
The magic dart hits you. You block the ball python's attack.
The ball python grabs you. The ball python constricts you.
You barely miss the orc wizard.
The orc wizard is almost dead.
The ball python bites you but does no damage.
The ball python constricts you. The orc wizard casts a spell at you.
The magic dart hits you!
You barely miss the orc wizard.
The orc wizard is almost dead.
The ball python bites you but does no damage.
The ball python constricts you.
The orc wizard hits you with a +1 dagger of distortion.
Space warps horribly around you.
* * * LOW HITPOINT WARNING * * *
You miss the orc wizard.
The orc wizard is almost dead.
The ball python bites you but does no damage.
The ball python constricts you.
The orc wizard hits you with a +1 dagger of distortion.
* * * LOW HITPOINT WARNING * * *
Space warps horribly around you!
You die...

# #o# #.# #.# #.# #.#
....###.# #.#
#...o...####.#########
####.........#........
#######..##.####### #
#<).........#
...#########†#.#.########
##....@o..)...........
#..###S##.#.#...###..# #.
#.##......## ..
#.#####...# #. #.. ###..#
## #.. ...# ..#. #..#
.... ..##


You could see an orc wizard and a ball python.

Vanquished Creatures
  5 adders
  2 dart slugs
  4 orcs
  3 ball pythons
  4 bats
  6 endoplasms
  4 giant cockroaches
  5 goblins
  6 hobgoblins
  6 kobolds
  2 quokkas (D:1)
  3 frilled lizards
  6 rats
56 creatures vanquished.

Notes
Turn   | Place    | Note
-------+----------+-------------------------------------------
     0 | D:1      | diecastcamel the Merfolk Gladiator began the quest for the
                  | Orb.
     0 | D:1      | Reached XP level 1. HP: 16/16 MP: 1/1
   107 | D:1      | Reached XP level 2. HP: 22/22 MP: 2/2
   187 | D:1      | Reached skill level 5 in Polearms
   431 | D:1      | Reached XP level 3. HP: 22/27 MP: 3/3
   887 | D:2      | Upgraded the game from 0.30.1-4-g462c640d31 to
                  | 0.30.1-5-ged363bc7ee
   984 | D:2      | Reached skill level 6 in Polearms
  1042 | D:2      | Reached XP level 4. HP: 34/34 MP: 4/4
  1220 | D:2      | Reached skill level 1 in Shields
  1544 | D:3      | Mangled by an orc wizard

Illustrated notes

Levels and vault maps discovered:
D:1:      scummos_arrival_hexagon, layout_loops_ring
D:2:      layout_rooms, minmay_pentomino_w4
D:3:      layout_basic, makhleb_altar_promises_db, serial_co_window_serial,
          co_window_of_opportunity_a, co_window_of_opportunity_a,
          co_window_cross_1, co_window_corner_a, co_window_corner_a,
          co_window_broadway_c, co_window_2corner, co_window_corner_ca,
          co_window_sun, glass_columns_b, glass_columns_a, glass_columns_c,
          glass_columns_b, glass_columns_a,
          hellmonk_ecumenical_altar_crossroads, st_stairs_13,
          grunt_decor_resistance, minmay_surrounded

Skill      XL: |  1  2  3  4 |
---------------+-------------+-----
Polearms       | 5 6 |  6.6
Shields        | 1 |  1.2
Fighting       | |  2.7
Throwing       | |  2.0
Dodging        | |  4.0

Action                     |  1- 3 |  4- 6 || total
---------------------------+-------+-------++-------
  Melee: Trident           |   117 |    62 ||   179
  Throw: Stone             |     1 |       ||     1
  Evoke: Wand              |     2 |     4 ||     6
 Armour: Ring mail         |    33 |    11 ||    44
  Dodge: Dodged            |    39 |    12 ||    51
  Block: Buckler           |       |     8 ||     8
